 Dungeon Crawl Stone Soup version 0.14.0-12-g87ee3b7 (webtiles) character file.

3701 Maka the Grappler (level 10, -1/83 HPs)
             Began as a Ghoul Monk on Apr 15, 2014.
             Was a High Priest of Okawaru.
             Slain by a killer bee (6 damage)
             ... on Level 8 of the Dungeon.
             The game lasted 00:33:59 (8310 turns).

Maka the Grappler (Ghoul Monk)                      Turns: 8310, Time: 00:34:00

HP  -1/83        AC  7     Str 16      XL: 10   Next:  0%
MP   8/10        EV 18     Int  5      God: Okawaru [*****.]
Gold 423         SH  0     Dex 14      Spells:  0 memorised,  9 levels left

rFire  . . .     SeeInvis .       - Unarmed
rCold  + + .     Clarity  .     f - +3 leather armour {rC+}
rNeg   + + +     Conserve .     (no shield)
rPois  +         rCorr    .     (no helmet)
rElec  .         rRot     +     (no cloak)
SustAb . .       Spirit   .     (no gloves)
rMut   .         Warding  .     (no boots)
Saprov + + +     Stasis   .     (no amulet)
MR     .....                    (no ring)
                                (no ring)

@: rotting, heroism, not resistant to hostile enchantments, quite stealthy
A: rotting body, claws 1, carnivore 3, cold resistance 1, life protection 3,
poison resistance, saprovore 3, slow healing 1, torment resistance, unbreathing
a: Heroism, Finesse, Renounce Religion


You were on level 8 of the Dungeon.
You worshipped Okawaru.
Okawaru was extremely pleased with you.
You were not hungry.

You visited 1 branch of the dungeon, and saw 8 of its levels.

You collected 423 gold pieces.

Inventory:

Hand weapons
 B - a +1,+0 hand axe of electrocution
Missiles
 l - 4 tomahawks
 w - 6 javelins (quivered)
Armour
 f - a +3 leather armour of cold resistance (worn)
 h - a +0 buckler
 m - a +0 leather armour of magic resistance
Magical devices
 b - a wand of random effects (10)
 d - a wand of lightning (5)
 p - a wand of fireball (7)
 A - a wand of disintegration (0)
Comestibles
 o - 6 meat rations
 z - a chunk of jackal flesh
Scrolls
 e - a scroll of fog
 g - 3 scrolls of remove curse
 i - a scroll of recharging
 k - a scroll of teleportation
 x - 2 scrolls of identify
 y - a scroll of fear
 C - a scroll of acquirement {unknown}
Jewellery
 s - an uncursed amulet of stasis
 u - an uncursed ring of flight
Potions
 a - a potion of brilliance
 c - 2 potions of restore abilities
 j - a potion of resistance
 n - 3 potions of haste
 t - 4 potions of might
 v - a potion of magic
Books
 q - a book of Clouds

   Spells                             Type                      Level
   Mephitic Cloud                     Conjuration/Poison/Air       3
   Conjure Flame                      Conjuration/Fire             3
   Poisonous Cloud                    Conjuration/Poison/Air       6
   Freezing Cloud                     Conjuration/Ice/Air          6
   Ring of Flames                     Charms/Fire                  7
 r - a book of Burglary

   Spells                             Type                      Level
   Apportation                        Translocation                1
   Swiftness                          Charms/Air                   2
   Passwall                           Transmutation/Earth          3
   Passage of Golubria                Translocation                4
   Lee's Rapid Deconstruction         Earth                        5
   Darkness                           Hexes                        7


   Skills:
 - Level 6.0(11.0) Fighting
 - Level 4.0(9.0) Armour
 - Level 7.0(12.0) Dodging
 - Level 2.1(7.1) Stealth
 + Level 11.1(16.1) Unarmed Combat
 - Level 2.0 Invocations


You had 9 spell levels left.
You didn't know any spells.

Dungeon Overview and Level Annotations

Branches:
Dungeon (8/15)             Temple (0/1) D:5
   Lair: D:8-11

Altars:
Ashenzari
Okawaru
Vehumet

Shops:
D:6 :   D:8 }

Annotations:
D:5 Prince Ribbit


Innate Abilities, Weirdness & Mutations

Your body is rotting away.
You have sharp fingernails.
You are carnivorous and can eat meat at any time.
Your flesh is cold resistant.
You are immune to negative energy.
Your system is resistant to poisons.
You thrive on rotten meat.
You heal slowly when monsters are visible.
You are immune to unholy pain and torment.
You can survive without breathing.


Message History

The killer bee misses you.
You see here a killer bee corpse.
The killer bee stings you.
* * * LOW HITPOINT WARNING * * *
You closely miss the killer bee. The killer bee stings you.
* * * LOW HITPOINT WARNING * * *
The killer bee stings you.
* * * LOW HITPOINT WARNING * * *
You claw the killer bee!
The killer bee is heavily wounded.
The killer bee misses you.
You hit the killer bee but do no damage.
The killer bee is heavily wounded.
The killer bee closely misses you.
You miss the killer bee.
The killer bee is heavily wounded.
The killer bee stings you!
* * * LOW HITPOINT WARNING * * *
The killer bee stings you.
You die...

.......# #....# #..# #. ..(....#
#....# #..# #. ....)..# #....#
#..# #. ....[..# #....# #..# #.
.∩.....# #)...######..# #.
.......# #......).....# #.
.......# #............####.
.......#########..........>......
................@k>........[.....
.....######....#####'#####.......
.....#....#....# .... #.......
.....#....#....# .......#.......
.....#....#....# .....k..######..
.....#....#....#......k..# #...
.....#....#....#.........# ##..
.....#....#....#......... #..%
###..##'###....# ... ##..


You could see a killer bee.

Vanquished Creatures
  The ghost of Mandevil the Chiller, an average DEIE of Sif Muna (D:5)
  Eustachio (D:5)
  2 necrophages
  A water moccasin (D:8)
  3 ice beasts
  3 ogres
  A black bear (D:8)
  A sky beast (D:5)
  2 centaurs (D:8)
  2 giant frogs
  A scorpion (D:5)
  5 killer bees (D:8)
  4 wights (D:7)
  5 crimson imps
  3 hounds
  8 orc priests
  7 orc wizards
  7 worker ants
  An iguana (D:7)
  A hound skeleton (D:7)
  8 adders
  7 gnolls
  A scorpion zombie (D:7)
  2 giant mites
  An orc zombie (D:5)
  A green rat (D:5)
  A worm (D:7)
  2 adder zombies (D:5)
  A giant eyeball (D:7)
  An ooze (D:1)
  19 orcs
  7 goblins
  15 hobgoblins
  15 jackals
  6 kobolds
  3 quokkas
  3 ball pythons (D:2)
  10 bats
  6 giant cockroaches
  2 giant cockroach zombies (D:1)
  4 giant geckos
  4 giant newts
  A giant spore (D:8)
  A hobgoblin skeleton (D:8)
  2 kobold skeletons (D:4)
  2 orc skeletons
  14 rats
  2 ballistomycetes (D:8)
200 creatures vanquished.

Vanquished Creatures (others)
  Natasha (D:4)
  A bat (D:8)
  2 butterflies (D:4)
4 creatures vanquished.

Grand Total: 204 creatures vanquished

Notes
Turn   | Place    | Note
--------------------------------------------------------------
     0 | D:1      | Maka, the Ghoul Monk, began the quest for the Orb.
     0 | D:1      | Reached XP level 1. HP: 19/19 MP: 1/1
   253 | D:1      | Reached XP level 2. HP: 20/26 MP: 2/2
   368 | D:1      | Reached skill level 5 in Unarmed Combat
   722 | D:1      | Reached XP level 3. HP: 31/31 MP: 3/3
  1263 | D:2      | Found a radiant altar of Vehumet.
  1264 | D:2      | Found an iron altar of Okawaru.
  1285 | D:2      | Reached skill level 6 in Unarmed Combat
  1285 | D:2      | Reached XP level 4. HP: 34/38 MP: 3/3
  1298 | D:2      | Became a worshipper of Warmaster Okawaru
  1298 | D:2      | Acquired Okawaru's first power
  2122 | D:3      | Reached XP level 5. HP: 44/44 MP: 4/4
  2399 | D:3      | Reached skill level 7 in Unarmed Combat
  3188 | D:4      | Reached XP level 6. HP: 10/51 MP: 2/5
  3198 | D:4      | Reached skill level 8 in Unarmed Combat
  3629 | D:4      | Reached XP level 7. HP: 24/55 MP: 5/5
  3794 | D:4      | Noticed Natasha
  3808 | D:4      | Killed Natasha
  3934 | D:5      | Entered Level 5 of the Dungeon
  3946 | D:5      | Found a shattered altar of Ashenzari.
  4013 | D:5      | Noticed Eustachio
  4018 | D:5      | Reached skill level 5 in Dodging
  4131 | D:5      | Killed Eustachio
  4221 | D:5      | Reached skill level 1 in Armour
  4262 | D:5      | Noticed Prince Ribbit
  4264 | D:5      | Found a staircase to the Ecumenical Temple.
  4281 | D:5      | Reached XP level 8. HP: 52/62 MP: 6/6
  4634 | D:5      | Noticed Mandevil's ghost (average DEIE)
  5152 | D:5      | Killed Mandevil's ghost
  5245 | D:5      | Reached skill level 9 in Unarmed Combat
  5780 | D:6      | Found Noeseol's Book Shoppe.
  5876 | D:6      | Reached skill level 10 in Unarmed Combat
  6146 | D:7      | Reached XP level 9. HP: 66/69 MP: 7/7
  6263 | D:7      | Reached skill level 5 in Fighting
  6447 | D:7      | Paralysed by a giant eyeball for 3 turns
  7083 | D:8      | Found Larox's Gadget Shop.
  8062 | D:8      | Acquired Okawaru's second power
  8252 | D:8      | Reached skill level 11 in Unarmed Combat
  8285 | D:8      | Reached skill level 1 in Invocations
  8304 | D:8      | Reached XP level 10. HP: 19/83 MP: 7/10
  8310 | D:8      | Slain by a killer bee

Action                   |  1- 3 |  4- 6 |  7- 9 | 10-12 || total
-------------------------+-------+-------+-------+-------++-------
Melee: Unarmed           |    85 |   194 |   486 |     4 ||   769
Throw: Javelin           |       |       |     5 |       ||     5
Invok: Heroism           |       |     1 |     1 |       ||     2
Evoke: Wand              |       |       |     5 |       ||     5
  Use: Scroll            |       |     4 |    14 |       ||    18
       Potion            |       |       |     2 |       ||     2
 Stab: Sleeping          |     2 |     4 |       |       ||     6
       Distracted        |       |       |     1 |       ||     1
